 Dungeon Crawl Stone Soup version 0.23.0 (webtiles) character file.

Game seed: 4007132861396917733

822041 poirepourri the Axe Maniac (level 27, -2/265 (267) HPs)
             Began as a Minotaur Fighter on Feb 14, 2019.
             Was the Champion of Okawaru.
             Killed from afar by a Hell Sentinel (23 damage)
             ... with damnation
             ... created by the effects of Hell
             ... on level 7 of the Iron City of Dis.
             The game lasted 02:42:24 (85241 turns).

poirepourri the Axe Maniac (Minotaur Fighter)      Turns: 85241, Time: 02:42:25

HP:   -2/265 (267)  AC: 31    Str: 29    XL:     27
MP:   35/35         EV: 28    Int:  6    God:    Okawaru [******]
Gold: 5446          SH: 36    Dex: 31    Spells: 27/44 levels left

rFire    + + .     SeeInvis +   m - +4 war axe "Fazxie" {elec, rN+ Int+3}
rCold    + . .     Gourm    .   D - +8 large shield {rPois}
rNeg     + + +     Faith    .   c - +9 plate armour of Nemelex Xobeh's Fury {Dex+5}
rPois    +         Spirit   .   (helmet unavailable)
rElec    .         Reflect  .   q - +0 cloak of the Sixty-Six Lies {rN+ Regen+}
rCorr    .         Harm     .   T - +0 pair of gloves "Irebis" {*Corrode rPois rN+ Dex+2}
MR       ++...                  I - +2 pair of boots {run}
Stlth    ..........             O - amulet of regeneration
HPRegen  1.34/turn              R - ring "Zeowot" {rPois rF++ rC+ Dex-2 SInv}
MPRegen  0.24/turn              l - +6 ring of dexterity

@: mighty, corroded, quick
A: retaliatory headbutt, horns 3, talons 1, dopey 1, screaming 1
}: 4/15 runes: barnacled, silver, obsidian, gossamer
a: Heroism, Finesse, Renounce Religion


You were on level 7 of the Iron City of Dis.
You worshipped Okawaru.
Okawaru was exalted by your worship.
You were not hungry.

You visited 15 branches of the dungeon, and saw 69 of its levels.
You also visited: Ice Cave.

You collected 9570 gold pieces.
You spent 4124 gold pieces at shops.

Inventory:

Hand Weapons
 a - the +9 broad axe "Uneffintu" {drain, rF+ Str+4}
   (Okawaru gifted it to you on level 2 of the Elven Halls)

   A truly terrible weapon, it drains the life of those it strikes.
   It affects your strength (+4).
   It protects you from fire.
 b - the +3 mace of Uskayaw's Regard {holy, rN+ MR+ SInv}
   (You bought it in a shop on level 10 of the Dungeon)

   It has been blessed by the Shining One to cause great damage to the undead
   and demons.
   It protects you from negative energy.
   It affects your resistance to hostile enchantments.
   It lets you see invisible.
 j - the +9 hand crossbow of Sharkskin {freeze, rN+++ Int-3}
   (Okawaru gifted it to you on level 3 of the Iron City of Dis)

   It causes projectiles fired from it to freeze those they strike, causing
   extra injury to most foes and up to half again as much damage against
   particularly susceptible opponents.
   They can also slow down cold-blooded creatures.
   It affects your intelligence (-3).
   It renders you almost immune to negative energy.
 m - the +4 war axe "Fazxie" (weapon) {elec, rN+ Int+3}
   (You acquired it on level 1 of the Shoals)

   Occasionally, upon striking a foe, it will discharge some electrical energy
   and cause terrible harm.
   It affects your intelligence (+3).
   It protects you from negative energy.
 L - a +2 hand crossbow of flaming
Missiles
 d - 11 throwing nets
 y - 1835 bolts
 E - 55 javelins (quivered)
Armour
 c - the +9 plate armour of Nemelex Xobeh's Fury (worn) {Dex+5}
   (You took it off a deep elf high priest on level 3 of the Elven Halls)

   It affects your dexterity (+5).
 q - the +0 cloak of the Sixty-Six Lies (worn) {rN+ Regen+}
   (You found it on level 4 of the Depths)

   It protects you from negative energy.
   It increases your rate of regeneration.
 D - a +8 large shield of poison resistance (worn)
 H - a +2 pair of gloves of strength
 I - a +2 pair of boots of running (worn)
 T - the +0 pair of gloves "Irebis" (worn) {*Corrode rPois rN+ Dex+2}
   (You found it on level 4 of the Lair of Beasts)

   It affects your dexterity (+2).
   It protects you from poison.
   It protects you from negative energy.
   It may corrode you when you take damage.
 Y - the +0 mask of the Dragon {MR+ Slay+3 SInv}
   (Okawaru gifted it to you on level 1 of the Spider Nest)

   It affects your accuracy and damage with ranged weapons and melee attacks
   (+3).
   It affects your resistance to hostile enchantments.
   It lets you see invisible.
 Z - a scarf of repulsion
Jewellery
 l - a +6 ring of dexterity (right hand)
 A - an uncursed ring of protection from magic
 B - an uncursed ring of protection from fire
 C - an uncursed ring of see invisible
 G - an uncursed ring of protection from cold
 O - an amulet of regeneration (around neck)
 P - a +6 ring of strength
 Q - an uncursed ring of protection from cold
 R - the ring "Zeowot" (left hand) {rPois rF++ rC+ Dex-2 SInv}
   (You took it off a frost giant in an ice cave)

   [ring of protection from cold]

   It affects your dexterity (-2).
   It greatly protects you from fire.
   It protects you from cold.
   It protects you from poison.
   It lets you see invisible.
Wands
 h - a wand of scattershot (10)
 p - a wand of disintegration (26)
 r - a wand of acid (12)
 u - a wand of enslavement (15)
 x - a wand of flame (38)
 N - a wand of paralysis (48)
 S - a wand of digging (9)
 V - a wand of clouds (3)
 X - a wand of iceblast (25)
Scrolls
 g - 7 scrolls of magic mapping
 i - 26 scrolls of remove curse
 t - 3 scrolls of teleportation
 J - a scroll of fear
 W - 2 scrolls of holy word
Potions
 e - 7 potions of curing
 n - 4 potions of haste
 o - 8 potions of flight
 K - 8 potions of lignification
Miscellaneous
 s - a box of beasts
 z - a lamp of fire
 M - 2 phantom mirrors
 U - the horn of Geryon
Comestibles
 f - 12 rations


   Skills:
 - Level 25.6 Fighting
 O Level 27 Axes
 - Level 7.1(19.6) Maces & Flails
 - Level 8.3 Crossbows
 - Level 10.8 Throwing
 - Level 19.1 Armour
 - Level 20.6 Dodging
 - Level 25.0 Shields
 - Level 9.4 Spellcasting
 + Level 11.6 Charms
 - Level 19.4 Invocations
 - Level 14.2 Evocations


You had 27 spell levels left.
You knew the following spells:

 Your Spells              Type           Power        Failure   Level  Hunger
a - Regeneration          Chrm/Necr      #.........   24%         3    ###....
b - Vampiric Draining     Necr           #.........   95%         3    ###....
c - Swiftness             Chrm/Air       #.......     12%         2    ##.....
d - Silence               Hex/Air        #.........   100%        5    ######.
e - Animate Dead          Necr           N/A          100%        4    ####...

Your spell library contained the following spells:

 Spells                   Type           Power        Failure   Level  Hunger
 Shroud of Golubria       Chrm/Tloc      #.........   12%         2    ##.....
 Ozocubu's Armour         Chrm/Ice       #.......     24%         3    ###....
 Spectral Weapon          Hex/Chrm       #.......     24%         3    ###....
 Animate Skeleton         Necr           N/A          65%         1    None
 Apportation              Tloc           #.....       65%         1    None
 Beastly Appendage        Tmut           #.....       65%         1    None
 Confusing Touch          Hex            #.....       65%         1    None
 Corona                   Hex            #......      65%         1    None
 Flame Tongue             Conj/Fire      #....        65%         1    None
 Freeze                   Ice            #...         65%         1    None
 Magic Dart               Conj           #...         65%         1    None
 Pain                     Necr           #...         65%         1    None
 Sandblast                Erth           #.....       65%         1    None
 Shock                    Conj/Air       #...         65%         1    None
 Summon Butterflies       Summ           #.......     65%         1    None
 Blink                    Tloc           N/A          78%         2    ##.....
 Ensorcelled Hibernation  Hex/Ice        #.....       78%         2    ##.....
 Passwall                 Tmut/Erth      #.......     78%         2    ##.....
 Poisonous Vapours        Pois/Air       #.....       78%         2    ##.....
 Slow                     Hex            #.......     78%         2    ##.....
 Sticks to Snakes         Tmut           #.......     78%         2    ##.....
 Sublimation of Blood     Necr           #.........   78%         2    ##.....
 Throw Flame              Conj/Fire      #.....       78%         2    ##.....
 Throw Frost              Conj/Ice       #.....       78%         2    ##.....
 Iskenderun's Battlesphe  Conj/Chrm      #.......     92%         5    ######.
 Confuse                  Hex            #.......     95%         3    ###....
 Conjure Flame            Conj/Fire      #.......     95%         3    ###....
 Dazzling Spray           Conj/Hex       #.....       95%         3    ###....
 Gell's Gravitas          Tloc           #.........   95%         3    ###....
 Ignite Poison            Fire/Tmut/Pois #.......     95%         3    ###....
 Inner Flame              Hex/Fire       #.......     95%         3    ###....
 Lesser Beckoning         Tloc           #.........   95%         3    ###....
 Mephitic Cloud           Conj/Pois/Air  #.......     95%         3    ###....
 Portal Projectile        Hex/Tloc       #.....       95%         3    ###....
 Recall                   Summ/Tloc      N/A          95%         3    ###....
 Spider Form              Tmut/Pois      #.........   95%         3    ###....
 Static Discharge         Conj/Air       #.......     95%         3    ###....
 Stone Arrow              Conj/Erth      #.....       95%         3    ###....
 Summon Guardian Golem    Hex/Summ       #.......     95%         3    ###....
 Teleport Other           Tloc           #.......     95%         3    ###....
 Tukima's Dance           Hex            #.......     95%         3    ###....
 Airstrike                Air            #.........   100%        4    ####...
 Cause Fear               Hex            #.........   100%        4    ####...
 Force Lance              Conj/Tloc      #.......     100%        4    ####...
 Ice Form                 Ice/Tmut       #.......     100%        4    ####...
 Leda's Liquefaction      Hex/Erth       #.........   100%        4    ####...
 Passage of Golubria      Tloc           N/A          100%        4    ####...
 Petrify                  Tmut/Erth      #.......     100%        4    ####...
 Sticky Flame             Conj/Fire      #.......     100%        4    ####...
 Summon Ice Beast         Ice/Summ       #.......     100%        4    ####...
 Throw Icicle             Conj/Ice       #.......     100%        4    ####...
 Agony                    Necr           #.......     100%        5    ######.
 Alistair's Intoxication  Tmut/Pois      #.......     100%        5    ######.
 Aura of Abjuration       Summ           #.........   100%        5    ######.
 Blade Hands              Tmut           #.........   100%        5    ######.
 Bolt of Draining         Conj/Necr      #.........   100%        5    ######.
 Bolt of Magma            Conj/Fire/Erth #.........   100%        5    ######.
 Borgnjor's Vile Clutch   Necr/Erth      #.........   100%        5    ######.
 Fireball                 Conj/Fire      #.........   100%        5    ######.
 Irradiate                Conj/Tmut      #.........   100%        5    ######.
 Lee's Rapid Deconstruct  Erth           #.........   100%        5    ######.
 Lightning Bolt           Conj/Air       #.........   100%        5    ######.
 Metabolic Englaciation   Hex/Ice        #.........   100%        5    ######.
 Summon Demon             Summ           #.........   100%        5    ######.
 Summon Forest            Summ/Tloc      #.........   100%        5    ######.
 Summon Mana Viper        Hex/Summ       #.......     100%        5    ######.
 Venom Bolt               Conj/Pois      #.........   100%        5    ######.
 Yara's Violent Unravell  Hex/Tmut       #.........   100%        5    ######.
 Bolt of Cold             Conj/Ice       #.........   100%        6    #######
 Conjure Ball Lightning   Conj/Air       #.........   100%        6    #######
 Darkness                 Hex            #.........   100%        6    #######
 Death Channel            Necr           #.........   100%        6    #######
 Deflect Missiles         Chrm/Air       #.........   100%        6    #######
 Freezing Cloud           Conj/Ice/Air   #.........   100%        6    #######
 Invisibility             Hex            #.......     100%        6    #######
 Iron Shot                Conj/Erth      #.........   100%        6    #######
 Ozocubu's Refrigeration  Ice            #.........   100%        6    #######
 Poison Arrow             Conj/Pois      #.........   100%        6    #######
 Shadow Creatures         Summ           N/A          100%        6    #######
 Simulacrum               Ice/Necr       #.........   100%        6    #######
 Statue Form              Tmut/Erth      #........    100%        6    #######
 Haunt                    Necr/Summ      #.........   100%        7    #######
 Malign Gateway           Summ/Tloc      #.........   100%        7    #######
 Monstrous Menagerie      Summ           #.........   100%        7    #######
 Orb of Destruction       Conj           #.........   100%        7    #######
 Ring of Flames           Chrm/Fire      #.........   100%        7    #######
 Spellforged Servitor     Conj/Summ      #.........   100%        7    #######
 Summon Greater Demon     Summ           #.........   100%        7    #######
 Borgnjor's Revivificati  Necr           #.........   100%        8    #######
 Chain Lightning          Conj/Air       #.........   100%        8    #######
 Controlled Blink         Tloc           N/A          100%        8    #######
 Death's Door             Chrm/Necr      #.........   100%        8    #######
 Disjunction              Tloc           #.........   100%        8    #######
 Infestation              Necr           #.........   100%        8    #######
 Lehudib's Crystal Spear  Conj/Erth      #.........   100%        8    #######
 Necromutation            Tmut/Necr      #.........   100%        8    #######
 Summon Horrible Things   Summ           #.........   100%        8    #######
 Fire Storm               Conj/Fire      #.........   100%        9    #######
 Glaciate                 Conj/Ice       #.........   100%        9    #######


Dungeon Overview and Level Annotations

Branches:
Dungeon (15/15)            Temple (1/1) D:7            Lair (6/6) D:8
 Shoals (4/4) Lair:2       Spider (4/4) Lair:3        Slime (0/5) Lair:5
    Orc (2/2) D:10            Elf (3/3) Orc:2        Vaults (5/5) D:14
  Crypt (3/3) Vaults:3       Tomb (2/3) Crypt:3      Depths (5/5) D:15
   Hell (1/1)                 Dis (7/7) Hell            Geh (7/7) Hell
    Coc (0/7) Hell            Tar (0/7) Hell            Zot (5/5) Depths:5

Altars:
Ashenzari
Cheibriados
Dithmenos
Elyvilon
Fedhas
Gozag
Hepliaklqana
Kikubaaqudgha
Makhleb
Nemelex Xobeh
Okawaru
Qazlal
Ru
Sif Muna
Trog
Uskayaw
Vehumet
Wu Jian
Xom
Yredelemnul
Zin
The Shining One
Beogh
Jiyva

Shops:
D:6 *}?[?   D:9 }   D:10 (   D:11 [   Orc:1 [   Orc:2 ?![   Vaults:1 *
Vaults:2 (   Depths:5 *

Portals:
Hell: Depths:1 Depths:2 Depths:3 Depths:4 Depths:5
Abyss: Crypt:1 Depths:1 Depths:4
Pandemonium: Depths:3
Ziggurat: Depths:4
Trove: Elf:3 (give +6 ice dragon scales)

Annotations:
D:6 3 runed translucent doors, feelmyfire's ghost, amateur VSTm
D:10 3 runed translucent doors, zkyp's ghost, journeyman HuAM
D:12 2 transporters, Naggiasi's ghost, journeyman KoAs
Lair:5 2 transporters, Kaofid's ghost, journeyman GrEE
Tomb:2 Boris
Depths:2 3 runed translucent doors, Warghodgh's ghost, adept DsGl


Innate Abilities, Weirdness & Mutations

You reflexively headbutt those who attack you in melee.
You have a pair of large horns on your head.
You have sharp toenails.
You are dopey. (Int -2)
You occasionally shout uncontrollably at your foes.


Message History

You kill the red devil!
Okawaru accepts your kill.
You see here a +3 demon trident.
The tormentor calls on the powers of darkness!
Your body is wracked with pain!
The iron troll convulses!
You block the Hell Sentinel's attack. x2
The Hell Sentinel gestures at you.
The sphere of damnation explodes!
The damnation engulfs you!!
* * * LOW HITPOINT WARNING * * *
You hear a shout! x2
The Hell Sentinel gestures at you.
The sphere of damnation explodes!
The damnation engulfs you!!
* * * LOW HITPOINT WARNING * * *
Your corrosive artefact corrodes you!
You hear a hideous shriek!
The tormentor shouts, "Prepare for my thousand needles of pain!"
The tormentor says, "Get ready!
Throes of agony await you." The Hell Sentinel gestures at you.
The sphere of damnation explodes!
The damnation engulfs you!!
You die...

##########'''########
....................####
........................
............Z...........
......T.†.)..2..........#
#.#.#...#.#.#1..........#
# ###...#####...........#
#...# #...........# #...#
#...@.......# #####
#...........#
###.........# ###.......#
##......# ##.)...#
###)..# #....# ##...#


You could see a Hell Sentinel, a tormentor and a shadow dragon zombie.

Vanquished Creatures
  Asmodeus (Geh:7)
  5 ancient liches
  4 orbs of fire
  Mennas (Vaults:4)
  4 greater mummies (Tomb:1)
  Sojobo (Depths:4)
  Boris (twice) (Crypt:2 Crypt:3)
  The ghost of Dani the Merry Centaur, a master CeHu of Okawaru (Zot:5)
  9 Killer Klowns
  Saint Roka (Elf:2)
  3 curse toes
  4 golden dragons
  A caustic shrike (shapeshifter) (Depths:4)
  5 bone dragons
  2 electric golems (Zot:5)
  A Tzitzimitl (Dis:1)
  Arachne (Spider:4)
  14 Brimstone Fiends
  The ghost of SpeedRobin the Champion of Chaos, an adept DDFi of Makhleb (Vaults:3)
  6 iron giants
  A hellephant (Hell)
  13 tentacled monstrosities
  3 Hell Sentinels
  7 liches
  22 Orb Guardians (Zot:5)
  3 Ice Fiends
  The ghost of feelmyfire the Executioner, an adept HOBe of Trog (Elf:3)
  The ghost of Nattefrost the Slayer, an adept MfHu of Okawaru (Spider:1)
  2 deep elf master archers (Elf:3)
  2 deep elf blademasters
  Polyphemus (Shoals:4)
  Asterion (Spider:4)
  A titan (Vaults:5)
  4 quicksilver dragons
  The ghost of endersaim the Spry, an adept MfSk of Qazlal (Spider:1)
  3 Executioners
  Gastronok (D:8)
  15 sphinxes
  11 ancient champions
  7 death cobs
  3 eldritch tentacles
  A kraken (Shoals:4)
  The ghost of Lotaimix the Messiah, an adept HOFi of Beogh (Spider:1)
  15 storm dragons
  9 shadow dragons
  7 draconian monks
  7 tengu reavers
  The ghost of Yjimoseergh the Spry, an adept SpFE of Dithmenos (Vaults:1)
  8 frost giants
  4 revenants
  10 draconian scorchers
  6 deep elf sorcerers
  7 fire giants
  5 iron dragons
  6 ghost moths
  8 draconian knights
  4 cacodemons
  22 vault wardens
  A curse skull (Crypt:3)
  3 ghouls (Crypt:1)
  6 deep elf elementalists
  10 balrugs
  3 draconian stormcallers
  8 emperor scorpions
  7 draconian annihilators
  6 entropy weavers
  A spriggan defender (Depths:5)
  8 draconian shifters
  A caustic shrike skeleton (Crypt:2)
  26 reapers
  24 very ugly things
  21 war gargoyles
  16 ironheart preservers
  2 vampire knights
  19 stone giants
  9 black draconians
  The ghost of Tacit the Basher, a journeyman GrMo of Gozag (Spider:1)
  14 green draconians
  9 deep elf demonologists
  Nessos (D:13)
  7 red draconians
  4 deep elf annihilators
  4 lorocyprocas
  A black draconian (shapeshifter) (D:15)
  Azrael (Spider:2)
  12 white draconians
  3 eidola
  14 yellow draconians
  A dire elephant (shapeshifter) (Depths:4)
  8 purple draconians
  2 spark wasps (Depths:5)
  9 deep elf death magi
  5 merfolk javelineers
  2 green deaths
  11 ettins
  2 quicksilver dragon zombies
  8 blizzard demons
  8 crystal guardians (Depths:4)
  11 mummy priests
  10 deep elf high priests
  5 fire dragons
  14 yaktaur captains
  9 merfolk impalers
  11 jiangshi
  A kraken zombie (Hell)
  Erolcha (Orc:2)
  A great orb of eyes (shapeshifter) (Depths:4)
  23 ogre magi
  8 great orbs of eyes
  9 hydras
  Harold (D:8)
  2 quicksilver dragon skeletons (Geh:7)
  10 ice dragons
  34 vault guards
  5 rakshasas
  3 spriggan air magi
  Erica (D:8)
  5 merfolk avatars
  A death knight (Crypt:1)
  A hell beast (Depths:3)
  A catoblepas (Shoals:3)
  5 tengu warriors
  66 two-headed ogres
  39 dancing weapons
  3 satyrs
  10 centaur warriors
  6 deep troll shamans
  3 merfolk aquamancers (Shoals:4)
  7 titan zombies
  A queen ant (shapeshifter) (Depths:4)
  20 death scarabs
  3 deep troll earth magi
  11 death yaks
  35 hell hogs
  A queen ant (Spider:1)
  A death yak (shapeshifter) (Depths:4)
  6 vampire magi
  A shock serpent (Depths:5)
  25 deep elf knights
  6 spriggan berserkers
  9 sun demons
  5 shadow wraiths
  6 storm dragon zombies
  Nergalle (Lair:4)
  16 soul eaters
  17 iron golems
  12 iron trolls
  57 skeletal warriors
  5 titan skeletons
  52 hell knights
  3 sixfirhies
  An infernal demonspawn (Depths:3)
  4 storm dragon skeletons
  2 golden dragon zombies
  15 sea snakes
  3 anaconda zombies
  A sea snake (shapeshifter) (Vaults:4)
  3 ghost moth zombies
  2 unseen horrors (Vaults:1)
  A shadow demon (Dis:7)
  A glowing orange brain (shapeshifter) (Vaults:4)
  A golden dragon skeleton (Dis:5)
  4 anaconda skeletons
  14 deep trolls
  21 flayed ghosts
  18 ironbrand convokers
  3 wizards
  11 glowing orange brains
  6 shadow dragon zombies
  A kraken simulacrum (Shoals:4)
  17 orc knights
  A sphinx zombie (Hell)
  2 orange crystal statues
  4 obsidian statues
  18 deep elf archers
  5 frost giant zombies
  12 phantasmal warriors
  13 orb spiders
  23 necromancers
  A wolf spider zombie (Geh:7)
  A mana viper (Depths:5)
  3 orc sorcerers
  13 fauns
  4 fire giant zombies
  12 harpies
  Pikel (D:5)
  71 deep elf magi
  5 stone giant zombies
  2 shadow dragon skeletons
  11 manticores
  54 ugly things
  2 tengu skeletons
  A wolf spider (shapeshifter) (D:14)
  9 cyclopes
  A manticore (shapeshifter) (Vaults:5)
  An iron dragon zombie (Dis:6)
  A shining eye (shapeshifter) (Depths:4)
  5 oklob plants
  14 moths of wrath
  39 wolf spiders
  A faun (shapeshifter) (Depths:3)
  6 human skeletons
  6 iron dragon skeletons
  2 fire giant skeletons (Geh:1)
  2 centaur zombies
  45 rust devils
  4 stone giant skeletons
  A naga mage (Depths:5)
  6 merfolk sirens
  Maurice (Orc:2)
  A guardian serpent (D:15)
  A torpor snail (Spider:1)
  13 vault sentinels
  5 frost giant skeletons
  4 elephants (Lair:4)
  5 dire elephant zombies
  20 molten gargoyles
  8 spiny frogs
  3 water nymphs
  8 black mambas
  3 ice statues
  A shock serpent zombie (Geh:1)
  A water nymph (shapeshifter) (Vaults:5)
  A yaktaur zombie (Vaults:5)
  12 smoke demons
  2 dire elephant skeletons
  A torpor snail (shapeshifter) (Depths:4)
  A minotaur zombie (Dis:2)
  4 orange demons
  2 centaur skeletons
  9 gargoyles
  A rime drake (shapeshifter) (Vaults:3)
  A black draconian zombie (Geh:7)
  3 emperor scorpion zombies
  A yaktaur (shapeshifter) (Vaults:3)
  5 rime drakes
  A shock serpent skeleton (Geh:7)
  24 hellions
  3 komodo dragons
  A kobold demonologist (D:12)
  39 tormentors
  An efreet (Dis:1)
  57 yaktaurs
  3 harpy zombies
  14 ice devils
  19 freezing wraiths
  21 trolls
  9 demonic crawlers
  A golden dragon simulacrum (Depths:3)
  38 red devils
  A catoblepas skeleton (Tomb:1)
  11 guardian mummies
  3 tengu conjurers
  2 yaktaur skeletons
  A wolf spider simulacrum (Hell)
  A death yak skeleton (Crypt:1)
  5 hydra zombies
  21 hornets
  45 jumping spiders
  27 merfolk
  A hornet (shapeshifter) (Vaults:2)
  19 polar bears
  6 wind drakes
  A troll (shapeshifter) (Vaults:4)
  2 harpy skeletons
  Grinder (D:5)
  5 fire dragon zombies
  16 hippogriffs
  3 raiju (shapeshifter)
  A hydra skeleton (Crypt:1)
  8 blink frogs
  29 slime creatures
  6 dream sheep
  A meliai zombie (D:15)
  11 snapping turtles
  11 ettin zombies
  A hippogriff (shapeshifter) (Depths:1)
  6 small abominations
  A fire giant simulacrum (Crypt:1)
  A frost giant simulacrum (Hell)
  10 ice dragon zombies
  4 spriggan zombies
  2 fire dragon skeletons
  11 air elementals
  62 flying skulls
  4 ettin skeletons
  63 redbacks
  18 spriggans
  5 black mamba zombies
  37 wraiths
  50 yaks
  2 yaks (shapeshifter)
  A spriggan (shapeshifter) (Depths:4)
  24 tarantellas
  4 ice dragon skeletons
  A vampire (D:15)
  A tarantella (shapeshifter) (Depths:4)
  39 shadows
  Eustachio (D:5)
  21 water elementals
  3 ushabtiu
  3 basilisks
  7 fire bats (Geh:1)
  A golden eye (shapeshifter) (Depths:1)
  34 fire elementals
  3 black mamba skeletons
  A steam dragon (D:13)
  Menkaure (D:6)
  8 hungry ghosts
  3 vampire mosquitoes (D:14)
  A chaos spawn (Depths:3)
  4 wargs
  An insubstantial wisp (Depths:4)
  3 acid dragons
  9 water moccasins
  A floating eye (D:12)
  23 soldier ants
  A spiny frog zombie (Geh:1)
  A faun zombie (Crypt:2)
  63 hell hounds
  2 black bears (shapeshifter)
  6 porcupines
  6 sky beasts
  A hornet zombie (D:5)
  37 orc warriors
  11 ice beasts
  2 swamp dragon zombies
  2 elf zombies
  3 human zombies
  20 boggarts
  4 eyes of draining
  6 black bears
  6 phantoms
  2 spiny frog skeletons
  4 snapping turtle zombies
  A manticore zombie (Geh:7)
  12 necrophages
  64 ogres
  59 wolves
  A snapping turtle skeleton (Geh:1)
  A swamp dragon skeleton (Geh:3)
  An elephant skeleton (Crypt:1)
  38 centaurs
  2 big kobolds
  9 crocodiles
  A hippogriff zombie (Crypt:1)
  9 bullfrogs
  11 earth elementals
  3 wyvern zombies
  A gnoll sergeant (D:10)
  7 scorpions
  2 tengu zombies (Hell)
  An orc simulacrum (Vaults:1)
  18 killer bees
  94 wights
  7 howler monkeys
  A human simulacrum (Vaults:1)
  5 electric eels
  8 crimson imps
  A bullfrog zombie (D:8)
  A quasit (D:12)
  8 hounds
  14 jellies
  22 orc priests
  24 orc wizards
  61 iron imps
  5 iguanas
  29 worker ants
  4 hell rats (Hell)
  2 lightning spires (Zot:3)
  A deep dwarf zombie (Crypt:1)
  A demigod zombie (Crypt:2)
  An ogre skeleton (Dis:2)
  2 ogre zombies
  A naga skeleton (Crypt:1)
  An acid dragon skeleton (Crypt:2)
  25 mummies
  A worker ant zombie (D:6)
  2 howler monkey skeletons
  13 gnolls
  13 adders
  3 shadow imps
  A white imp (Hell)
  13 oozes
  2 adder skeletons
  3 adder zombies
  A lava snake skeleton (Crypt:2)
  4 worms
  A barachi zombie (Crypt:2)
  2 dart slugs
  7 leopard geckos
  88 orcs
  3 ball pythons
  8 bats
  4 giant cockroaches
  A gnoll zombie (Crypt:2)
  3 goblins
  6 hobgoblins
  11 jackals
  13 kobolds
  8 quokkas
  10 frilled lizards
  2 leopard gecko skeletons
  A quokka skeleton (D:4)
  6 rats
  A rat skeleton (Crypt:2)
  2 crawling corpses (Elf:3)
  6 fungi
  8 plants
  4 tentacles (Shoals:4)
3767 creatures vanquished.

Vanquished Creatures (collateral kills)
  Geryon (Hell)
  A deep elf sorcerer (Elf:3)
  2 deep elf high priests (Elf:3)
  A hell knight (Hell)
  A rust devil (Hell)
  A small abomination (Elf:3)
  A fire elemental (Geh:3)
8 creatures vanquished.

Vanquished Creatures (others)
  A Brimstone Fiend (Geh:7)
  A frost giant (shapeshifter) (Depths:4)
  A very ugly thing (Depths:4)
  A spriggan air mage (Depths:5)
  A merfolk aquamancer (Shoals:4)
  3 hell hogs
  A glowing orange brain (Depths:4)
  An ironbrand convoker (Vaults:3)
  2 deep elf magi
  A hornet (Vaults:3)
  3 flying skulls
  An ettin skeleton (Geh:7)
  A wraith (Geh:7)
  A tarantella (Spider:1)
  2 yaks (IceCv)
  A fire elemental (Geh:2)
  An ogre (Vaults:4)
  A wolf (IceCv)
  An earth elemental (Depths:4)
  A hell rat (Hell)
  9 ball lightnings (Depths:4)
  An orc (D:10)
  10 fungi
  5 plants
  18 tentacles
  28 withered plants (Crypt:3)
97 creatures vanquished.

Grand Total: 3872 creatures vanquished

Notes
Turn   | Place    | Note
-------+----------+-------------------------------------------
     0 | D:1      | poirepourri the Minotaur Fighter began the quest for the
                  | Orb.
     0 | D:1      | Reached XP level 1. HP: 19/19 MP: 0/0
    84 | D:1      | Reached skill level 3 in Axes
   162 | D:1      | Reached XP level 2. HP: 26/26 MP: 1/1
   343 | D:1      | Reached skill level 4 in Axes
   360 | D:1      | Reached XP level 3. HP: 24/31 MP: 2/2
   770 | D:2      | Found a snail-covered altar of Cheibriados.
   771 | D:2      | Found a sparkling altar of Nemelex Xobeh.
   771 | D:2      | Found a deep blue altar of Sif Muna.
   772 | D:2      | Found an ornate altar of the Wu Jian Council.
   772 | D:2      | Found an opulent altar of Gozag.
   954 | D:2      | Reached skill level 5 in Axes
  1034 | D:2      | Found a hide-covered altar of Uskayaw.
  1535 | D:3      | Reached XP level 4. HP: 38/39 MP: 3/3
  1638 | D:3      | Noticed an eye of draining
  1639 | D:3      | Found a bloodstained altar of Trog.
  1639 | D:3      | Noticed an eye of draining
  1647 | D:3      | Killed an eye of draining
  1647 | D:3      | Reached skill level 6 in Axes
  1647 | D:3      | Reached XP level 5. HP: 45/45 MP: 0/4
  1654 | D:3      | Killed an eye of draining
  1654 | D:3      | Reached skill level 7 in Axes
  1670 | D:3      | Reached XP level 6. HP: 51/51 MP: 1/5
  1687 | D:3      | Reached skill level 8 in Axes
  2471 | D:4      | Reached skill level 9 in Axes
  2471 | D:4      | Reached XP level 7. HP: 57/57 MP: 6/6
  2680 | D:4      | Reached skill level 10 in Axes
  3130 | D:5      | Entered Level 5 of the Dungeon
  3132 | D:5      | Found a glowing golden altar of the Shining One.
  3132 | D:5      | Found a glowing silver altar of Zin.
  3133 | D:5      | Found a white marble altar of Elyvilon.
  3237 | D:5      | Noticed Grinder
  3244 | D:5      | Reached skill level 11 in Axes
  3246 | D:5      | Reached XP level 8. HP: 62/64 MP: 7/7
  3252 | D:5      | Paralysed by Grinder for 2 turns
  3264 | D:5      | Paralysed by Grinder for 4 turns
  3286 | D:5      | Killed Grinder
  3474 | D:5      | Reached skill level 12 in Axes
  3866 | D:5      | Found a radiant altar of Vehumet.
  3951 | D:5      | Noticed Pikel
  3971 | D:5      | Killed Pikel
  3971 | D:5      | Reached skill level 13 in Axes
  4039 | D:5      | Noticed Eustachio
  4048 | D:5      | Killed Eustachio
  4048 | D:5      | Reached XP level 9. HP: 70/70 MP: 8/8
  4432 | D:6      | Found Fyxir's Magic Scroll Shop.
  4450 | D:6      | Bought a scroll of teleportation for 42 gold pieces
  4450 | D:6      | Bought a scroll of identify for 28 gold pieces
  4487 | D:6      | Found Fumye's Magic Scroll Shop.
  4495 | D:6      | Bought a scroll of identify for 30 gold pieces
  4495 | D:6      | Bought a scroll of teleportation for 45 gold pieces
  4495 | D:6      | Bought a scroll of identify for 30 gold pieces
  4495 | D:6      | Bought a scroll of identify for 30 gold pieces
  4512 | D:6      | Found Egoek's Gadget Emporium.
  4519 | D:6      | Found Umacing's General Store.
  4574 | D:6      | Found Gigh's Armour Shop.
  4643 | D:6      | Found a shadowy altar of Dithmenos.
  4717 | D:6      | Noticed Menkaure
  4727 | D:6      | Killed Menkaure
  4727 | D:6      | Reached skill level 14 in Axes
  4928 | D:6      | Found a runed translucent gate.
  4928 | D:6      | Found a runed translucent gate.
  4928 | D:6      | Found a runed translucent gate.
  5188 | D:6      | Noticed feelmyfire's ghost (amateur VSTm)
  5533 | D:7      | Reached skill level 15 in Axes
  5840 | D:7      | Found a staircase to the Ecumenical Temple.
  5866 | Temple   | Entered the Ecumenical Temple
  6074 | Temple   | Became a worshipper of Warmaster Okawaru
  6232 | D:8      | Found a staircase to the Lair.
  6243 | D:8      | Reached skill level 16 in Axes
  6251 | D:8      | Reached XP level 10. HP: 58/80 MP: 9/9
  6259 | D:8      | Reached * piety under Okawaru
  6260 | D:8      | Reached skill level 5 in Fighting
  6591 | D:8      | Found a burning altar of Makhleb.
  6620 | D:8      | Noticed Gastronok
  6626 | D:8      | Reached ** piety under Okawaru
  6636 | D:8      | Killed Gastronok
  6636 | D:8      | Reached *** piety under Okawaru
  6636 | D:8      | Reached skill level 10 in Fighting
  6768 | D:8      | Noticed Harold
  6789 | D:8      | Killed Harold
  6789 | D:8      | Reached XP level 11. HP: 58/104 MP: 10/10
  6953 | D:8      | Reached **** piety under Okawaru
  7106 | D:8      | Noticed Erica
  7113 | D:8      | Killed Erica
  8185 | D:9      | Found Rainenent's Gadget Boutique.
  8258 | D:9      | Reached ***** piety under Okawaru
  8493 | D:9      | Noticed an oklob plant
  8719 | D:9      | Killed an oklob plant
  9039 | D:10     | Entered Level 10 of the Dungeon
  9044 | D:10     | Reached skill level 5 in Shields
  9067 | D:10     | Noticed a two-headed ogre
  9140 | D:10     | Found a staircase to the Orcish Mines.
  9400 | D:10     | Found a runed translucent gate.
  9400 | D:10     | Found a runed translucent gate.
  9400 | D:10     | Found a runed translucent gate.
  9404 | D:10     | Noticed zkyp's ghost (journeyman HuAM)
  9404 | D:10     | Identified the +8 trident of Immorality {venom, +Fly rElec
                  | MR+++ Dex-4}
  9407 | D:10     | Found a roughly hewn altar of Beogh.
  9544 | D:10     | Found Himef's Antique Weapon Shoppe.
  9559 | D:10     | Bought a jewelled mace for 144 gold pieces
  9559 | D:10     | Identified the +3 mace of Uskayaw's Regard {holy, rN+ MR+
                  | SInv} (You bought it in a shop on level 10 of the Dungeon)
  9592 | D:10     | Killed a two-headed ogre
  9720 | D:11     | Noticed a two-headed ogre
  9731 | D:11     | Killed a two-headed ogre
  9791 | D:11     | Reached XP level 12. HP: 104/117 MP: 11/11
  9874 | D:11     | Received a gift from Okawaru
  9885 | D:11     | Found Ymicur's Antique Armour Shoppe.
  9893 | D:11     | Bought a pair of runed gloves for 232 gold pieces
  9961 | D:11     | Found a sacrificial altar of Ru.
 10397 | D:12     | Reached skill level 10 in Shields
 10732 | D:12     | Identified the Volume of the Compass
 10809 | D:12     | Received a gift from Okawaru
 10812 | D:12     | Paralysed by a floating eye for 2 turns
 10827 | D:12     | Identified a +2 pair of boots of running (Okawaru gifted it
                  | to you on level 12 of the Dungeon)
 10872 | D:12     | Noticed a six-headed hydra
 10888 | D:12     | Killed an eight-headed hydra
 11026 | D:12     | Found a transporter.
 11026 | D:12     | Noticed Naggiasi's ghost (journeyman KoAs)
 11030 | D:12     | Found a transporter.
 11707 | D:13     | Noticed a seven-headed hydra
 11719 | D:13     | Killed a seven-headed hydra
 11760 | D:13     | Noticed a centaur warrior
 11766 | D:13     | Killed a centaur warrior
 12090 | D:13     | Noticed Nessos
 12097 | D:13     | Killed Nessos
 12223 | D:13     | Reached XP level 13. HP: 68/124 MP: 12/12
 12572 | D:13     | Received a gift from Okawaru
 12575 | D:13     | Reached skill level 15 in Shields
 12675 | D:13     | Found a glowing golden altar of the Shining One.
 12782 | D:14     | Found a gate to the Vaults.
 12782 | D:14     | Gained mutation: You are dopey. (Int -2) [a shining eye]
 13146 | D:14     | Found a sacrificial altar of Ru.
 13611 | D:15     | Entered Level 15 of the Dungeon
 13948 | D:15     | Reached ****** piety under Okawaru
 13984 | D:15     | Got a jewelled ring mail
 13986 | D:15     | Identified the +0 ring mail of Woarchile {-Tele +Inv Str+4
                  | Slay+2} (You found it on level 15 of the Dungeon)
 14078 | D:15     | Identified the Grimoire of Enchantment and Poison
 14389 | D:15     | Received a gift from Okawaru
 14396 | D:15     | Paralysed by an orc sorcerer for 6 turns
 14697 | D:15     | Reached skill level 5 in Armour
 14697 | D:15     | Reached XP level 14. HP: 102/132 MP: 9/13
 15139 | D:15     | Noticed a storm dragon
 15139 | D:15     | a tyrant leech changed into a storm dragon
 15141 | D:15     | Noticed a sphinx
 15141 | D:15     | a storm dragon changed into a sphinx
 15144 | D:15     | Received a gift from Okawaru
 15152 | D:15     | Noticed an azure jelly
 15152 | D:15     | a sphinx changed into an azure jelly
 15153 | D:15     | Noticed a fire giant
 15153 | D:15     | an azure jelly changed into a fire giant
 15155 | D:15     | a fire giant changed into a dire elephant
 15156 | D:15     | Noticed a fire giant
 15156 | D:15     | a dire elephant changed into a fire giant
 15157 | D:15     | a fire giant changed into an iron troll
 15437 | D:15     | Lost intelligence.
 15769 | D:15     | Lost mutation: You are dopey. (Int -2) [potion of mutation]
 15769 | D:15     | Gained mutation: You are resistant to electric shocks.
                  | (rElec) [potion of mutation]
 15769 | D:15     | Gained mutation: You tend to lose your temper in combat.
                  | [potion of mutation]
 15769 | D:15     | Gained mutation: You are clumsy. (Dex -2) [potion of
                  | mutation]
 15769 | D:15     | Gained mutation: You are partially covered in yellow
                  | scales. (AC +2) [potion of mutation]
 15770 | D:15     | Lost mutation: You are clumsy. (Dex -2) [potion of
                  | mutation]
 15770 | D:15     | Lost mutation: You are partially covered in yellow scales.
                  | (AC +2) [potion of mutation]
 15770 | D:15     | Gained mutation: Your mind is acute. (Int +2) [potion of
                  | mutation]
 15770 | D:15     | Gained mutation: You are occasionally teleported next to
                  | monsters. [potion of mutation]
 15770 | D:15     | Gained mutation: You are agile. (Dex +2) [potion of
                  | mutation]
 15780 | D:15     | Noticed an iron dragon
 15780 | D:15     | Noticed an acid blob
 15780 | D:15     | an iron dragon changed into an acid blob
 15784 | D:15     | Noticed a shadow dragon
 15784 | D:15     | an acid blob changed into a shadow dragon
 15786 | D:15     | Noticed an iron dragon
 15786 | D:15     | a shadow dragon changed into an iron dragon
 15787 | D:15     | Noticed an iron giant
 15787 | D:15     | an iron dragon changed into an iron giant
 15791 | D:15     | Noticed a golden dragon
 15791 | D:15     | an iron giant changed into a golden dragon
 15802 | D:15     | Noticed an iron giant
 15802 | D:15     | a golden dragon changed into an iron giant
 16268 | Lair:1   | Entered Level 1 of the Lair of Beasts
 16579 | Lair:1   | Found a frozen archway.
 16600 | IceCv    | Entered an ice cave
 16859 | IceCv    | Received a gift from Okawaru
 16895 | IceCv    | Reached skill level 10 in Armour
 16960 | IceCv    | Noticed a frost giant
 17775 | IceCv    | Identified the ring "Zeowot" {rPois rF++ rC+ Dex-2 SInv}
 17786 | IceCv    | Killed a frost giant
 18926 | Lair:2   | Found the ring of Shadows {Umbra +Inv Stlth+}
 19239 | Lair:2   | Found a staircase to the Shoals.
 19673 | Lair:3   | Found a gate leading to a gauntlet.
 20162 | Lair:3   | Found a hole to the Spider Nest.
 20173 | Lair:3   | Reached skill level 1 in Dodging
 20181 | Lair:3   | You fall through a shaft!
 20462 | Lair:4   | Noticed Nergalle
 20469 | Lair:4   | Killed Nergalle
 20522 | Lair:4   | Received a gift from Okawaru
 20679 | Lair:4   | Reached skill level 5 in Dodging
 20887 | Lair:4   | Reached XP level 15. HP: 123/138 MP: 14/14
 21036 | Lair:4   | Got a pair of ichor-stained gloves
 21047 | Lair:4   | Identified the +0 pair of gloves "Irebis" {*Corrode rPois
                  | rN+ Dex+2} (You found it on level 4 of the Lair of Beasts)
 21300 | Lair:5   | Found a transporter.
 21303 | Lair:5   | Found a transporter.
 21303 | Lair:5   | Noticed Kaofid's ghost (journeyman GrEE)
 21423 | Lair:5   | Found a viscous altar of Jiyva.
 21423 | Lair:5   | Found a staircase to the Slime Pits.
 21864 | Lair:6   | Entered Level 6 of the Lair of Beasts
 21951 | Lair:6   | Received a gift from Okawaru
 22126 | Lair:6   | Reached skill level 10 in Dodging
 22554 | Lair:6   | Got a spiked ring mail {god gift}
 22565 | Lair:6   | Identified the +4 ring mail of the Monkey {Int+4} (Okawaru
                  | gifted it to you on level 6 of the Lair of Beasts)
 23128 | Orc:1    | Entered Level 1 of the Orcish Mines
 23149 | Orc:1    | Found Omuymp's Antique Armour Emporium.
 23408 | Orc:2    | Entered Level 2 of the Orcish Mines
 23408 | Orc:2    | Noticed Erolcha
 23417 | Orc:2    | Killed Erolcha
 23605 | Orc:2    | Noticed Maurice
 23625 | Orc:2    | Killed Maurice
 23644 | Orc:2    | Found Imum's Magic Scroll Shoppe.
 23662 | Orc:2    | Found Qaacu's Armour Emporium.
 23671 | Orc:2    | Received a gift from Okawaru
 23684 | Orc:2    | Found Biloatex's Food Boutique.
 23691 | Orc:2    | Found Mopoosui's Distillery.
 23798 | Orc:2    | Bought a scroll of identify for 24 gold pieces
 23800 | Orc:2    | Found a staircase to the Elven Halls.
 23811 | Orc:2    | Bought a scroll of blinking for 90 gold pieces
 23838 | Orc:2    | Bought a potion of heal wounds for 70 gold pieces
 23838 | Orc:2    | Bought a potion of mutation for 112 gold pieces
 23838 | Orc:2    | Lost mutation: You are occasionally teleported next to
                  | monsters. [potion of mutation]
 23838 | Orc:2    | Lost mutation: Your mind is acute. (Int +2) [potion of
                  | mutation]
 23838 | Orc:2    | Gained mutation: Your flesh is cold resistant. (rC+)
                  | [potion of mutation]
 23838 | Orc:2    | Gained mutation: You are somewhat resistant to further
                  | mutation. [potion of mutation]
 24252 | Spider:1 | Entered Level 1 of the Spider Nest
 24264 | Spider:1 | Reached XP level 16. HP: 144/146 MP: 15/15
 24282 | Spider:1 | Reached skill level 1 in Evocations
 24572 | Spider:1 | Reached skill level 5 in Evocations
 24607 | Spider:1 | Found a runed translucent gate.
 24608 | Spider:1 | Noticed endersaim's ghost (adept MfSk)
 24609 | Spider:1 | Noticed Tacit's ghost (journeyman GrMo)
 24610 | Spider:1 | Noticed Nattefrost's ghost (adept MfHu)
 24611 | Spider:1 | Found a runed translucent gate.
 24611 | Spider:1 | Found a runed translucent gate.
 24766 | Spider:1 | Received a gift from Okawaru
 24767 | Spider:1 | Found the +0 mask of the Dragon {MR+ Slay+3 SInv}
 25077 | Spider:1 | Noticed Lotaimix's ghost (adept HOFi)
 25167 | Spider:2 | Reached skill level 1 in Invocations
 25296 | Spider:2 | Noticed Azrael
 25309 | Spider:2 | Killed Azrael
 25631 | Spider:2 | Reached skill level 5 in Invocations
 26464 | Spider:3 | Received a gift from Okawaru
 26607 | Spider:3 | Reached XP level 17. HP: 136/152 MP: 22/22
 26915 | Spider:4 | Entered Level 4 of the Spider Nest
 27363 | Spider:4 | Noticed Arachne
 27373 | Spider:4 | Killed Arachne
 27629 | Spider:4 | Got a pair of pitted gloves
 27640 | Spider:4 | Identified the +1 pair of gloves of the Griffon {Stlth+}
                  | (You found it on level 4 of the Spider Nest)
 27661 | Spider:4 | Noticed Asterion
 28600 | Spider:4 | Received a gift from Okawaru
 28676 | Spider:4 | Killed Asterion
 28904 | Spider:4 | Got a gossamer rune of Zot
 29159 | Shoals:1 | Entered Level 1 of the Shoals
 29529 | Shoals:1 | Identified a scroll of acquirement
 29532 | Shoals:1 | Got a crystal war axe
 29533 | Shoals:1 | Identified the +4 war axe "Fazxie" {elec, rN+ Int+3} (You
                  | acquired it on level 1 of the Shoals)
 31035 | Shoals:3 | Reached XP level 18. HP: 90/160 MP: 23/23
 31127 | Shoals:3 | Received a gift from Okawaru
 31554 | Shoals:4 | Entered Level 4 of the Shoals
 31745 | Shoals:4 | Got a crude plate armour
 31756 | Shoals:4 | Identified the +7 plate armour of the Bouncing Dreams {+Fly
                  | Slay-3 Stlth+} (You found it on level 4 of the Shoals)
 31786 | Shoals:4 | Noticed Polyphemus
 32140 | Shoals:4 | Killed Polyphemus
 32429 | Shoals:4 | Received a gift from Okawaru
 33028 | Shoals:4 | Got a barnacled rune of Zot
 33583 | Elf:1    | Entered Level 1 of the Elven Halls
 33851 | Elf:1    | Received a gift from Okawaru
 34206 | Spider:4 | Got a smoking scale mail {god gift}
 34217 | Spider:4 | Identified the +0 scale mail of the Chupacabra {rPois
                  | Regen+ Dex-3} (Okawaru gifted it to you on level 4 of the
                  | Spider Nest)
 35233 | Elf:2    | Received a gift from Okawaru
 35482 | Elf:2    | Found a huge runed translucent gate.
 35482 | Elf:2    | Found a huge runed translucent gate.
 35482 | Elf:2    | Found a huge runed translucent gate.
 35483 | Elf:2    | Found a huge runed translucent gate.
 35483 | Elf:2    | Found a huge runed translucent gate.
 35602 | Elf:2    | Reached XP level 19. HP: 161/167 MP: 24/24
 35794 | Elf:2    | Received a gift from Okawaru
 35809 | Elf:2    | Noticed Saint Roka
 35832 | Elf:2    | Killed Saint Roka
 35906 | Elf:2    | Got a scorched broad axe {god gift}
 35907 | Elf:2    | Identified the +9 broad axe "Uneffintu" {drain, rF+ Str+4}
                  | (Okawaru gifted it to you on level 2 of the Elven Halls)
 36194 | Elf:3    | Entered Level 3 of the Elven Halls
 36216 | Elf:3    | Found a portal to a secret trove of treasure.
 36618 | Elf:3    | Found a runed translucent gate.
 36619 | Elf:3    | Found a runed translucent gate.
 36620 | Elf:3    | Found a runed translucent gate.
 36624 | Elf:3    | Noticed feelmyfire's ghost (adept HOBe)
 36668 | Elf:3    | Killed feelmyfire's ghost
 36668 | Elf:3    | Reached skill level 15 in Fighting
 36776 | Elf:3    | Received a gift from Okawaru
 36867 | Elf:3    | Identified the cursed ring "Nataez" {+Blink AC-4 Int+2}
 37243 | Elf:3    | Identified the +5 flail "Onuef" {freeze, MR++ Dex+5}
 37246 | Elf:3    | Received a gift from Okawaru
 37386 | Orc:1    | Bought a glowing scarf for 208 gold pieces
 37386 | Orc:1    | Bought a glowing scarf for 208 gold pieces
 37818 | Elf:3    | Identified the +3 glaive of an ossuary {pain, rElec rF+}
 37818 | Elf:3    | Identified the +9 plate armour of Nemelex Xobeh's Fury
                  | {Dex+5}
 37843 | Elf:3    | Identified the ring "Doosse" {*Tele rPois Str+3 Int-3}
 37913 | Elf:3    | Identified Sif Muna's Compendium of the Helpful Rocks
 37917 | Elf:3    | Identified the Grimoire of Confrontation
 37919 | Elf:3    | Identified the Compendium of the Warped Birds
 37947 | Elf:3    | Identified the Incunabulum of Necromancy and Moulding
 38443 | Elf:3    | Got a faintly humming chain mail
 38454 | Elf:3    | Identified the +2 chain mail of the Castellan {Slay+3} (You
                  | found it on level 3 of the Elven Halls)
 38744 | D:15     | Noticed a golden dragon
 38745 | D:15     | a golden dragon changed into an acid blob
 38746 | D:15     | Noticed a caustic shrike
 38746 | D:15     | an acid blob changed into a caustic shrike
 38748 | D:15     | a caustic shrike changed into a stone giant
 38799 | D:15     | Found a staircase to the Depths.
 38875 | Vaults:1 | Entered Level 1 of the Vaults
 38897 | Vaults:1 | Received a gift from Okawaru
 38950 | Vaults:1 | Reached XP level 20. HP: 187/187 MP: 25/25
 38996 | Vaults:1 | Found a large runed translucent door.
 38996 | Vaults:1 | Found a large runed translucent door.
 38997 | Vaults:1 | Noticed Yjimoseergh's ghost (adept SpFE)
 39139 | Vaults:1 | Found Xuyta Dyun's General Store.
 39174 | Vaults:1 | Bought a scroll of enchant armour for 135 gold pieces
 39211 | Vaults:1 | Reached skill level 17 in Axes
 39632 | Vaults:1 | Reached skill level 18 in Axes
 39912 | Vaults:1 | Received a gift from Okawaru
 39918 | Vaults:1 | Reached skill level 19 in Axes
 40385 | Vaults:1 | Killed Yjimoseergh's ghost
 40724 | Vaults:2 | Reached skill level 20 in Axes
 41047 | Vaults:2 | Reached XP level 21. HP: 153/194 MP: 26/26
 41165 | Vaults:2 | Received a gift from Okawaru
 41298 | Vaults:2 | Reached skill level 10 in Invocations
 41554 | Vaults:2 | Received a gift from Okawaru
 41626 | Vaults:2 | Found Ryramm's Antique Weapon Shoppe.
 42820 | Vaults:3 | You fall through a shaft!
 43170 | Vaults:4 | Received a gift from Okawaru
 43325 | Vaults:4 | Got a pair of faintly glowing boots
 43336 | Vaults:4 | Identified the +2 pair of boots of Daisies {Str+7 Dex-4}
                  | (You found it on level 4 of the Vaults)
 43383 | Vaults:4 | Noticed Mennas
 43397 | Vaults:4 | Killed Mennas
 43416 | Vaults:4 | Found Olig Xof's Magic Scroll Boutique.
 43760 | Vaults:4 | Reached XP level 22. HP: 196/202 MP: 31/31
 44665 | Vaults:3 | Received a gift from Okawaru
 44747 | Vaults:3 | Found a staircase to the Crypt.
 45143 | Vaults:3 | Found a runed translucent gate.
 45143 | Vaults:3 | Found a runed translucent gate.
 45143 | Vaults:3 | Found a runed translucent gate.
 45146 | Vaults:3 | Noticed SpeedRobin's ghost (adept DDFi)
 45341 | Vaults:3 | Killed SpeedRobin's ghost
 45349 | Vaults:3 | Identified the cursed -1 hat of Evolution {rPois MP+9 Str+7
                  | Stlth-} (You found it on level 3 of the Vaults)
 46042 | Depths:1 | Entered Level 1 of the Depths
 46200 | Depths:1 | Lost intelligence.
 46335 | Depths:1 | Identified the +6 whip of Weutij {antimagic, Dex+6}
 46483 | Depths:1 | Found a one-way gate to the infinite horrors of the Abyss.
 46618 | Depths:1 | Found a gateway to Hell.
 46758 | Depths:1 | Received a gift from Okawaru
 46872 | Depths:2 | Found a runed translucent gate.
 46872 | Depths:2 | Found a runed translucent gate.
 46873 | Depths:2 | Found a runed translucent gate.
 46873 | Depths:2 | Noticed a golden dragon
 46873 | Depths:2 | Noticed Warghodgh's ghost (adept DsGl)
 47480 | Depths:2 | Reached XP level 23. HP: 224/224 MP: 32/32
 47874 | Depths:3 | Reached skill level 15 in Dodging
 47924 | Depths:3 | Received a gift from Okawaru
 48045 | Depths:3 | Found a one-way gate leading to the halls of Pandemonium.
 48192 | Depths:3 | You fall through a shaft for 2 floors!
 48192 | Depths:5 | Entered Level 5 of the Depths
 48239 | Depths:4 | Found the +9 sword of Zonguldrok {reap}
 48266 | Depths:4 | Found a gateway to a ziggurat.
 48750 | Depths:4 | Identified the Handbook of Cloudy Orientation
 48932 | Depths:4 | Received a gift from Okawaru
 49052 | Depths:4 | Identified the +3 ring mail "Daockomi" {-Cast rPois rF+++
                  | Int-2} (Okawaru gifted it to you on level 4 of the Depths)
 49099 | Depths:4 | Identified Sif Muna's Catalogue of Air
 49140 | Depths:4 | Identified the cursed +0 cloak of the Sixty-Six Lies {rN+
                  | Regen+} (You found it on level 4 of the Depths)
 49270 | Depths:4 | Noticed Sojobo
 49280 | Depths:4 | Killed Sojobo
 49456 | Depths:4 | Noticed a caustic shrike
 49456 | Depths:4 | a storm dragon changed into a caustic shrike
 49459 | Depths:4 | Killed a caustic shrike
 50223 | D:6      | Bought a phantom mirror for 330 gold pieces
 50223 | D:6      | Bought a phantom mirror for 330 gold pieces
 50223 | D:6      | Bought a wand of acid (11) for 330 gold pieces
 50223 | D:6      | Bought a wand of scattershot (5) for 297 gold pieces
 50223 | D:6      | Bought a wand of clouds (3) for 231 gold pieces
 50223 | D:6      | Bought a wand of digging (5) for 198 gold pieces
 50513 | Vaults:5 | Entered Level 5 of the Vaults
 50544 | Vaults:4 | Reached XP level 24. HP: 217/233 MP: 32/32
 50825 | Vaults:5 | Received a gift from Okawaru
 50959 | Vaults:5 | Got a silver rune of Zot
 50965 | Vaults:5 | Got a brightly glowing bronze ring
 50967 | Vaults:5 | Identified the ring "Copnyrph" {*Tele *Drain Str+4} (You
                  | found it on level 5 of the Vaults)
 51112 | Vaults:5 | Reached skill level 15 in Armour
 51305 | Vaults:5 | Noticed an ancient lich
 51547 | Vaults:5 | Killed an ancient lich
 51547 | Vaults:5 | Received a gift from Okawaru
 51770 | Vaults:5 | Identified the Collected Works on Hexes and Stones
 52517 | Depths:5 | Received a gift from Okawaru
 52535 | Depths:5 | Found a gate to the Realm of Zot.
 52549 | Depths:5 | Reached XP level 25. HP: 229/240 MP: 32/32
 52989 | Depths:5 | Found Xana's Serpentskin Sales.
 53058 | Depths:5 | Learned a level 3 spell: Regeneration
 53062 | Depths:5 | Learned a level 3 spell: Vampiric Draining
 53065 | Depths:5 | Learned a level 2 spell: Swiftness
 53071 | Depths:5 | Learned a level 5 spell: Silence
 53451 | Crypt:1  | Entered Level 1 of the Crypt
 53827 | Crypt:1  | Reached skill level 21 in Axes
 54609 | Crypt:2  | Received a gift from Okawaru
 54680 | Crypt:2  | Noticed Boris
 54694 | Crypt:2  | Killed Boris
 54745 | Crypt:2  | Reached skill level 22 in Axes
 55225 | Crypt:3  | Entered Level 3 of the Crypt
 56097 | Crypt:3  | Identified the cursed +0 plate armour of Udizuxe {rElec
                  | Int+4} (You found it on level 3 of the Crypt)
 56099 | Crypt:3  | Noticed an ancient lich
 56107 | Crypt:3  | Killed an ancient lich
 56195 | Crypt:3  | Received a gift from Okawaru
 56195 | Crypt:3  | Reached skill level 23 in Axes
 56422 | Crypt:3  | Noticed Boris
 56438 | Crypt:3  | Killed Boris
 56517 | Crypt:3  | Found a staircase to the Tomb.
 56532 | Crypt:3  | Noticed an ancient lich
 56546 | Crypt:3  | Killed an ancient lich
 56626 | Crypt:3  | Identified the Tome of Stolen Souls
 57126 | Tomb:1   | Entered Level 1 of the Tomb of the Ancients
 57853 | Hell     | Entered the Vestibule of Hell
 57853 | Hell     | Noticed Geryon
 57863 | Hell     | Killed Geryon
 57872 | Hell     | Reached skill level 24 in Axes
 57884 | Hell     | Reached XP level 26. HP: 248/248 MP: 32/32
 58103 | Hell     | Found a gateway to the decaying netherworld of Tartarus.
 58114 | Hell     | Gained mutation: You are frail. (-10% HP) [a cacodemon]
 58165 | Hell     | Found a gateway to the ashen valley of Gehenna.
 58268 | Hell     | Reached skill level 25 in Axes
 58296 | Hell     | Found a gateway to the Iron City of Dis.
 58437 | Hell     | Found a gateway to the freezing wastes of Cocytus.
 58648 | Zot:1    | Entered Level 1 of the Realm of Zot
 58719 | Zot:1    | Received a gift from Okawaru
 58744 | Zot:1    | Lost mutation: You are frail. (-10% HP) [potion of
                  | mutation]
 58744 | Zot:1    | Lost mutation: You are somewhat resistant to further
                  | mutation. [potion of mutation]
 58744 | Zot:1    | Lost mutation: You are resistant to electric shocks.
                  | (rElec) [potion of mutation]
 58744 | Zot:1    | Lost mutation: You tend to lose your temper in combat.
                  | [potion of mutation]
 58744 | Zot:1    | Gained mutation: You have a somewhat thin skeletal
                  | structure. (Dex +2, Stealth) [potion of mutation]
 58744 | Zot:1    | Gained mutation: Your magical capacity is low. (-10% MP)
                  | [potion of mutation]
 58744 | Zot:1    | Lost mutation: You are agile. (Dex +2) [potion of mutation]
 58744 | Zot:1    | Gained mutation: You have a pair of large horns on your
                  | head. [potion of mutation]
 58745 | Zot:1    | Lost mutation: You have a pair of large horns on your head.
                  | [potion of mutation]
 58745 | Zot:1    | Lost mutation: Your magical capacity is low. (-10% MP)
                  | [potion of mutation]
 58745 | Zot:1    | Lost mutation: Your flesh is cold resistant. (rC+) [potion
                  | of mutation]
 58745 | Zot:1    | Gained mutation: You have a pair of large horns on your
                  | head. [potion of mutation]
 58745 | Zot:1    | Gained mutation: Scrolls take you a little longer to read.
                  | [potion of mutation]
 58745 | Zot:1    | Gained mutation: Your muscles are strong. (Str +2) [potion
                  | of mutation]
 58746 | Zot:1    | Lost mutation: Your muscles are strong. (Str +2) [potion of
                  | mutation]
 58746 | Zot:1    | Lost mutation: Scrolls take you a little longer to read.
                  | [potion of mutation]
 58746 | Zot:1    | Lost mutation: You have a pair of large horns on your head.
                  | [potion of mutation]
 58746 | Zot:1    | Lost mutation: You have a somewhat thin skeletal structure.
                  | (Dex +2, Stealth) [potion of mutation]
 58746 | Zot:1    | Gained mutation: Your spells are a little harder to cast,
                  | but a little more powerful. [potion of mutation]
 58746 | Zot:1    | Gained mutation: You tend to lose your temper in combat.
                  | [potion of mutation]
 58746 | Zot:1    | Gained mutation: You are clumsy. (Dex -2) [potion of
                  | mutation]
 58746 | Zot:1    | Gained mutation: Your mind is acute. (Int +2) [potion of
                  | mutation]
 58747 | Zot:1    | Lost mutation: You are clumsy. (Dex -2) [potion of
                  | mutation]
 58747 | Zot:1    | Lost mutation: Your spells are a little harder to cast, but
                  | a little more powerful. [potion of mutation]
 58747 | Zot:1    | Lost mutation: You tend to lose your temper in combat.
                  | [potion of mutation]
 58747 | Zot:1    | Lost mutation: Your mind is acute. (Int +2) [potion of
                  | mutation]
 58747 | Zot:1    | Gained mutation: You possess an exceptional clarity of
                  | mind. [potion of mutation]
 58747 | Zot:1    | Gained mutation: You are robust. (+10% HP) [potion of
                  | mutation]
 59416 | Zot:2    | Reached skill level 26 in Axes
 59606 | Zot:2    | Identified Kiphom's Volume of the Lethal Compass
 59798 | Zot:2    | Received a gift from Okawaru
 59801 | Zot:2    | Identified the +5 plate armour of Life {rPois rF+ Str+2}
                  | (Okawaru gifted it to you on level 2 of the Realm of Zot)
 60323 | Zot:2    | Reached skill level 27 in Axes
 60594 | Zot:3    | Reached XP level 27. HP: 270/284 MP: 32/32
 60845 | Zot:3    | Received a gift from Okawaru
 61512 | Zot:3    | Received a gift from Okawaru
 62739 | Zot:4    | Noticed an orb of fire
 62742 | Zot:4    | Lost mutation: You are robust. (+10% HP) [an orb of fire]
 62751 | Zot:4    | Killed an orb of fire
 63057 | Zot:5    | Entered Level 5 of the Realm of Zot
 63096 | Zot:5    | Reached skill level 5 in Throwing
 63589 | Zot:5    | Found a large runed translucent door.
 63589 | Zot:5    | Found a large runed translucent door.
 63590 | Zot:5    | Noticed Dani's ghost (master CeHu)
 63606 | Zot:5    | Received a gift from Okawaru
 63790 | Zot:5    | Received a gift from Okawaru
 63799 | Zot:5    | Noticed an orb of fire
 63799 | Zot:5    | Noticed an orb of fire
 63801 | Zot:5    | Gained mutation: Scrolls take you a little longer to read.
                  | [an orb of fire]
 63802 | Zot:5    | Noticed an ancient lich
 63807 | Zot:5    | Gained mutation: Your magical capacity is low. (-10% MP)
                  | [an orb of fire]
 63817 | Zot:5    | Gained mutation: You are clumsy. (Dex -2) [an orb of fire]
 63817 | Zot:5    | Lost mutation: You possess an exceptional clarity of mind.
                  | [an orb of fire]
 63818 | Zot:5    | Gained mutation: Your spells are a little easier to cast,
                  | but a little less powerful. [an orb of fire]
 63821 | Zot:5    | Gained mutation: Scrolls take you longer to read. [an orb
                  | of fire]
 63826 | Zot:5    | Gained mutation: You are frail. (-10% HP) [an orb of fire]
 63828 | Zot:5    | Gained mutation: You are very clumsy. (Dex -4) [an orb of
                  | fire]
 63830 | Zot:5    | Gained mutation: Your spells are easier to cast, but less
                  | powerful. [an orb of fire]
 63833 | Zot:5    | Reached skill level 10 in Throwing
 63834 | Zot:5    | Gained mutation: Scrolls take you much longer to read. [an
                  | orb of fire]
 63835 | Zot:5    | Killed an orb of fire
 63835 | Zot:5    | Received a gift from Okawaru
 63835 | Zot:5    | Received a gift from Okawaru
 63836 | Zot:5    | Noticed an orb of fire
 63873 | Zot:4    | Lost mutation: Your spells are easier to cast, but less
                  | powerful. [potion of mutation]
 63873 | Zot:4    | Lost mutation: You are very clumsy. (Dex -4) [potion of
                  | mutation]
 63873 | Zot:4    | Lost mutation: Your magical capacity is low. (-10% MP)
                  | [potion of mutation]
 63873 | Zot:4    | Gained mutation: You are resistant to hostile enchantments.
                  | (MR+) [potion of mutation]
 63873 | Zot:4    | Lost mutation: You are frail. (-10% HP) [potion of
                  | mutation]
 63873 | Zot:4    | Gained mutation: Your muscles are strong. (Str +2) [potion
                  | of mutation]
 63874 | Zot:4    | Lost mutation: Your spells are a little easier to cast, but
                  | a little less powerful. [potion of mutation]
 63874 | Zot:4    | Lost mutation: Your muscles are strong. (Str +2) [potion of
                  | mutation]
 63874 | Zot:4    | Lost mutation: You are clumsy. (Dex -2) [potion of
                  | mutation]
 63874 | Zot:4    | Lost mutation: You are resistant to hostile enchantments.
                  | (MR+) [potion of mutation]
 63874 | Zot:4    | Gained mutation: Your muscles are strong. (Str +2) [potion
                  | of mutation]
 63874 | Zot:4    | Gained mutation: You are somewhat resistant to further
                  | mutation. [potion of mutation]
 64007 | Zot:5    | Lost intelligence.
 64024 | Zot:5    | Killed an orb of fire
 64060 | Zot:4    | Reached skill level 5 in Crossbows
 65263 | Zot:5    | Noticed an ancient lich
 65295 | Zot:5    | Killed an ancient lich
 65325 | Zot:5    | Gained mutation: Your body sometimes deteriorates upon
                  | taking damage. [an orb of fire]
 65341 | Zot:5    | Killed an orb of fire
 65869 | Zot:5    | Reached skill level 15 in Invocations
 65940 | Zot:5    | Received a gift from Okawaru
 65959 | Zot:5    | Killed an ancient lich
 66222 | Zot:5    | Killed Dani's ghost
 66286 | Zot:5    | Identified the Handbook of Ensnaring Flames
 66318 | Zot:4    | Lost mutation: Your muscles are strong. (Str +2) [potion of
                  | mutation]
 66318 | Zot:4    | Lost mutation: Scrolls take you much longer to read.
                  | [potion of mutation]
 66319 | Zot:4    | Lost mutation: Your body sometimes deteriorates upon taking
                  | damage. [potion of mutation]
 66319 | Zot:4    | Lost mutation: Scrolls take you longer to read. [potion of
                  | mutation]
 66319 | Zot:4    | Gained mutation: You have a pair of large horns on your
                  | head. [potion of mutation]
 66320 | Zot:4    | Lost mutation: You have a pair of large horns on your head.
                  | [potion of mutation]
 66320 | Zot:4    | Lost mutation: Scrolls take you a little longer to read.
                  | [potion of mutation]
 66320 | Zot:4    | Gained mutation: You are occasionally teleported next to
                  | monsters. [potion of mutation]
 66571 | Depths:4 | Lost mutation: You are occasionally teleported next to
                  | monsters. [potion of mutation]
 66571 | Depths:4 | Lost mutation: You are somewhat resistant to further
                  | mutation. [potion of mutation]
 66571 | Depths:4 | Gained mutation: You occasionally shout uncontrollably at
                  | your foes. [potion of mutation]
 66571 | Depths:4 | Gained mutation: You have a pair of large horns on your
                  | head. [potion of mutation]
 66780 | Geh:1    | Entered Level 1 of Gehenna
 67016 | Geh:3    | Received a gift from Okawaru
 67227 | Geh:3    | Paralysed by a lich for 5 turns
 67311 | Geh:3    | Received a gift from Okawaru
 68253 | Tomb:1   | Received a gift from Okawaru
 68339 | Tomb:1   | Noticed a greater mummy
 68565 | Tomb:1   | Killed a greater mummy
 68948 | Tomb:1   | Noticed a greater mummy
 68960 | Tomb:1   | Killed a greater mummy
 69555 | Tomb:1   | Noticed a greater mummy
 69572 | Tomb:1   | Killed a greater mummy
 70004 | Tomb:1   | Noticed a greater mummy
 70860 | Dis:1    | Entered Level 1 of the Iron City of Dis
 70966 | Dis:1    | Received a gift from Okawaru
 71077 | Dis:2    | Reached skill level 1 in Maces & Flails
 71449 | Dis:2    | Reached skill level 5 in Maces & Flails
 71509 | Dis:2    | Received a gift from Okawaru
 72674 | Spider:1 | Killed Lotaimix's ghost
 72678 | Spider:1 | Killed Tacit's ghost
 72687 | Spider:1 | Killed Nattefrost's ghost
 72691 | Spider:1 | Killed endersaim's ghost
 72967 | Orc:2    | Bought 2 potions of might for 112 gold pieces
 72967 | Orc:2    | Bought a potion of agility for 56 gold pieces
 72967 | Orc:2    | Bought a potion of heal wounds for 70 gold pieces
 72967 | Orc:2    | Bought a potion of might for 56 gold pieces
 72967 | Orc:2    | Bought a potion of might for 56 gold pieces
 72967 | Orc:2    | Bought a potion of lignification for 42 gold pieces
 72973 | Orc:2    | Bought a ration for 55 gold pieces
 72973 | Orc:2    | Bought a ration for 55 gold pieces
 72973 | Orc:2    | Bought a ration for 55 gold pieces
 72973 | Orc:2    | Bought a ration for 55 gold pieces
 72973 | Orc:2    | Bought a ration for 55 gold pieces
 72973 | Orc:2    | Bought a ration for 55 gold pieces
 72980 | Orc:2    | Bought a scroll of teleportation for 36 gold pieces
 72980 | Orc:2    | Bought 3 scrolls of fear for 126 gold pieces
 73154 | D:6      | Bought a scroll of teleportation for 42 gold pieces
 73342 | Vaults:1 | Bought a scroll of teleportation for 54 gold pieces
 73918 | Tomb:1   | Killed a greater mummy
 74203 | Tomb:2   | Noticed a greater mummy
 74203 | Tomb:2   | Noticed a greater mummy
 74204 | Tomb:2   | Noticed a greater mummy
 74208 | Tomb:2   | Reached skill level 10 in Evocations
 74222 | Tomb:2   | Noticed a greater mummy
 74224 | Tomb:2   | Noticed Boris
 74233 | Tomb:1   | Noticed a greater mummy
 74233 | Tomb:1   | Noticed a greater mummy
 74235 | Tomb:1   | Noticed a greater mummy
 75656 | Dis:1    | You fall through a shaft!
 76882 | Geh:1    | Received a gift from Okawaru
 77502 | Geh:3    | Received a gift from Okawaru
 77565 | Geh:3    | Received a gift from Okawaru
 77632 | Geh:4    | You fall through a shaft for 2 floors!
 77641 | Geh:7    | Entered Level 7 of Gehenna
 77964 | Geh:7    | Reached skill level 1 in Spellcasting
 78528 | Geh:7    | Reached skill level 5 in Spellcasting
 78812 | Geh:7    | Identified the cursed +1 battleaxe of Greed {drain, rN+}
 79295 | Geh:7    | Identified the Catalogue of the Blaze and Damage Dealing
 79381 | Geh:7    | Identified Fohanearr's Handbook of Darkness
 79514 | Geh:7    | Identified the Catalogue of Aid
 79539 | Geh:7    | Identified the +7 sceptre of Asmodeus
 79539 | Geh:7    | Noticed Asmodeus
 79590 | Geh:7    | Killed Asmodeus
 79590 | Geh:7    | Received a gift from Okawaru
 79612 | Geh:7    | Got an obsidian rune of Zot
 80425 | Dis:2    | Received a gift from Okawaru
 81062 | Dis:2    | Reached skill level 1 in Charms
 81391 | Dis:3    | Received a gift from Okawaru
 81580 | Dis:4    | Gained mutation: You have sharp toenails. [a cacodemon]
 81600 | Dis:4    | Gained mutation: You are dopey. (Int -2) [a cacodemon]
 81607 | Dis:4    | Reached skill level 5 in Charms
 82397 | Dis:5    | Learned a level 4 spell: Animate Dead
 82517 | Dis:5    | Received a gift from Okawaru
 83320 | Dis:3    | Got a bone hand crossbow {god gift}
 83321 | Dis:3    | Lost intelligence.
 83321 | Dis:3    | Identified the +9 hand crossbow of Sharkskin {freeze, rN+++
                  | Int-3} (Okawaru gifted it to you on level 3 of the Iron
                  | City of Dis)
 84208 | Dis:6    | Received a gift from Okawaru
 84591 | Dis:6    | Received a gift from Okawaru
 84807 | Dis:7    | Entered Level 7 of the Iron City of Dis
 84815 | Dis:7    | Reached skill level 10 in Charms
 85241 | Dis:7    | Killed from afar by a Hell Sentinel

Skill      XL: |  1  2  3  4  5  6  7  8  9 10 11 12 13 14 15 16 17 18 19 20 21 22 23 24 25 26 27 |
---------------+----------------------------------------------------------------------------------+-----
Axes           | 3 4 5 6 7 9 11 13 16 20 24 27 | 27.0
Fighting       | 4 11 14 18 22 23 25 | 25.6
Shields        | 8 14 18 21 24 25 | 25.0
Armour         | 5 12 14 18 19 | 19.1
Dodging        | 6 13 14 19 20 | 20.6
Evocations     | 8 14 | 14.2
Invocations    | 7 8 9 14 19 | 19.4
Throwing       | 10 | 10.8
Crossbows      | 8 |  8.3
Maces & Flails | 7 |  7.1
Spellcasting   | 9 |  9.4
Charms         | 11 | 11.6

Action                   |  1- 3 |  4- 6 |  7- 9 | 10-12 | 13-15 | 16-18 | 19-21 | 22-24 | 25-27 || total
-------------------------+-------+-------+-------+-------+-------+-------+-------+-------+-------++-------
Melee: War axe           |   114 |   100 |   236 |   542 |   686 |   733 |    78 |       |  2465 ||  4954
       Headbutt          |    13 |    11 |    40 |   121 |   316 |   423 |   356 |   439 |  2215 ||  3934
       Mace              |       |       |       |    15 |    14 |       |       |       |   705 ||   734
       Broad axe         |       |       |       |       |   389 |   713 |  1017 |  1195 |  1850 ||  5164
 Fire: Hand crossbow     |       |       |       |       |     2 |       |     2 |       |       ||     4
Throw: Javelin           |       |       |       |       |       |       |       |       |     2 ||     2
Invok: Heroism           |       |       |       |       |     2 |       |       |       |       ||     2
       Finesse           |       |       |       |       |     1 |       |       |       |       ||     1
Evoke: Wand              |       |       |     3 |     3 |    32 |     6 |     1 |     6 |    11 ||    62
       Phantom mirror    |       |       |       |       |       |     1 |       |       |     5 ||     6
       Box of beasts     |       |       |       |       |       |       |     2 |       |     3 ||     5
       Horn of Geryon    |       |       |       |       |       |       |       |       |     2 ||     2
  Use: Scroll            |     7 |     2 |    13 |    12 |    19 |    19 |     6 |    13 |    31 ||   122
       Potion            |       |       |     3 |     4 |    16 |    13 |     7 |     6 |    50 ||    99
 Stab: Confused          |       |       |       |       |     3 |       |       |     1 |       ||     4
       Paralysed         |       |       |       |       |     2 |     5 |       |       |       ||     7
       Petrified         |       |       |       |       |       |     8 |       |     2 |       ||    10
       Distracted        |       |       |       |       |       |     1 |     1 |       |     4 ||     6
  Eat: Ration            |     1 |     1 |     3 |     8 |    11 |     9 |     6 |     8 |    30 ||    77
       Chunk             |       |       |       |       |     1 |     6 |     3 |     6 |     1 ||    17
Armor: Scale mail        |    74 |    27 |    72 |     6 |       |       |       |       |       ||   179
       Storm dragon scal |       |       |       |   203 |   321 |   362 |    33 |       |       ||   919
       Chain mail        |       |       |       |       |       |       |    20 |       |       ||    20
       Plate armour      |       |       |       |       |       |       |    18 |   168 |   684 ||   870
Dodge: Dodged            |    46 |    19 |    50 |    78 |   279 |   638 |   212 |   427 |  1482 ||  3231
       Deflected         |       |       |       |       |       |       |     2 |       |       ||     2
Block: Shield            |    59 |    47 |   136 |   390 |   998 |  1349 |       |       |       ||  2979
       Large shield      |       |       |       |       |       |   223 |  1133 |  1493 |  5822 ||  8671
